 Dungeon Crawl Stone Soup version 0.31.0-9-g3a7656b989 (webtiles) character file.

Game seed: 9852882458784290872

549 qw the Nimble (level 7, -2/35 HPs)
             Began as a Spriggan Hunter on Feb 2, 2024.
             Slain by an iguana (30 damage)
             ... on level 5 of the Dungeon.
             The game lasted 00:00:12 (3154 turns).

qw the Nimble (Spriggan Hunter)                     Turns: 3154, Time: 00:00:13

Health: -2/35      AC:  2    Str:  7    XL:     7   Next: 7%
Magic:  8/8        EV:  4    Int: 10    God:
Gold:   207        SH:  0    Dex: 27    Spells: 6/6 levels left

rFire   . . .        a - +1 shortbow
rCold   . . .        (shield currently unavailable)
rNeg    . . .        c - +0 robe
rPois   .            (helmet restricted)
rElec   .            (no cloak)
rCorr   .            (gloves unavailable)
SInv    +            (boots unavailable)
Will    +....        (no amulet)
Stlth   +++          b - +6 ring of dexterity
HPRegen 0.25/turn    (no ring)
MPRegen 0.11/turn

%: no passive effects
@: sleeping, very quick
A: very small, no large weapons, unfitting armour, see invisible, speed 3
a: no special abilities


You were on level 5 of the Dungeon.
You visited 1 branch of the dungeon, and saw 5 of its levels.

You collected 207 gold pieces.


Innate Abilities, Weirdness & Mutations

You are very small and have problems with some larger weapons.
You are too small for most types of armour.
You have supernaturally acute eyesight. (SInv)
You cover ground extremely quickly. (Speed+++)


   Skills:
 - Level 2.0 Fighting
 + Level 6.1 Ranged Weapons
 - Level 8.0 Dodging
 - Level 1.5 Stealth


You had 6 spell levels left.
You didn't know any spells.
Your spell library was empty.

Inventory:

Hand Weapons
 a - a +1 shortbow (weapon)
Armour
 c - a +0 robe (worn)
 e - the +2 robe of Omission {-Tele Harm rCorr}
   (You found it on level 3 of the Dungeon)

   -Tele:     It prevents most forms of teleportation.
   rCorr:     It protects you from acid and corrosion.
   Harm:      It increases damage dealt and taken.
Jewellery
 b - a +6 ring of dexterity (left hand)
Wands
 h - a wand of charming (4)
Scrolls
 j - a scroll of teleportation
Potions
 d - 2 potions of curing
 f - a potion of heal wounds
 i - 2 potions of haste

Dungeon Overview and Level Annotations

Branches:
Dungeon (5/15)
 Temple: D:4-7

Altars:
Nemelex Xobeh
Sif Muna

Annotations:
D:3 1 runed translucent door, Crazy Yiuf


Message History

A malevolent force fills the Dungeon...
With a horrendous wail, an alarm goes off!
A sentinel's mark forms upon you.
You hear a shout!
You hear an angry hiss. x3; You hear a shout! x4
An ogre comes into view. It is wielding a +0 giant club.
3039 ||| FLEEEEING.
3040 ||| FLEEEEING.
3041 ||| FLEEEEING.
3042 ||| FLEEEEING.
3043 ||| FLEEEEING.
An iguana comes into view.
3044 ||| FLEEEEING.
A sleepcap comes into view.
3045 ||| FLEEEEING.
3046 ||| FLEEEEING.
You start waiting.
An iguana is nearby!
3049 ||| FLEEEEING.
An adder comes into view.
There is a stone staircase leading up here.
3050 ||| STAIRDANCE You climb upwards.
There is a stone staircase leading down here.
You start waiting.
The sentinel's mark upon you fades away.
Done waiting.
Done exploring.
What level of the Dungeon? (default 5, ? - help)
You climb downwards.
The adder barely misses you. The iguana closely misses you.
The adder misses you. The iguana misses you.
There is a stone staircase leading up here.
There are monsters nearby!
3154 ||| STAIRDANCE The adder misses you.
The sleepcap releases spores at you!
You are engulfed in a cloud of soporific spores!
You fall asleep.
You stop ascending the stairs.
An iguana comes into view.
The iguana bites you!!
Ouch! That really hurt!
You die...

#.## #.#.#####.#####..
#..# #.#..............
#..# #.#.............#
#..#####.##.####.#######
#....##..##.# #.#
##.#.##.###.# #.#
#....##.###.# #.#
#....Of.....####.#
#....##@S#.......#
####.##l.#########
#l##..# #.##..# #f##..#
#.##..# #.##..# l...


You could see an ogre, a sleepcap, 2 iguanas and an adder.

Vanquished Creatures
  3 scorpions
  A jelly (D:5)
  2 orc priests (D:4)
  A hound (D:4)
  2 iguanas
  2 orc wizards (D:4)
  7 adders
  2 dart slugs
  6 orcs (D:4)
  8 ball pythons
  6 bats
  9 endoplasms
  5 giant cockroaches
  3 goblins
  7 hobgoblins
  3 jackals (D:1)
  3 quokkas
  2 frilled lizards
  6 kobolds
  5 rats
83 creatures vanquished.

Notes
Turn   | Place    | Note
-------+----------+-------------------------------------------
     0 | D:1      | qw the Spriggan Hunter began the quest for the Orb.
     0 | D:1      | Reached XP level 1. HP: 10/10 MP: 2/2
     0 | D:1      | 0 ||| qw: Version: 0.3-a-155-g5e7d8dd
     0 | D:1      | 0 ||| qw: Game counter: 2770
     0 | D:1      | 0 ||| qw: Melee chars always use a shield: true
     0 | D:1      | 0 ||| qw: God list: Okawaru
     0 | D:1      | 0 ||| qw: Allow faded altars: false
     0 | D:1      | 0 ||| qw: Do Orc after clearing Dungeon:15 true
     0 | D:1      | 0 ||| qw: Do second Lair branch before Depths: true
     0 | D:1      | 0 ||| qw: Lair rune preference: random
     0 | D:1      | 0 ||| qw: Goals: Normal
     0 | D:1      | 0 ||| PLANNING D:1-11
    81 | D:1      | Reached skill level 3 in Dodging
   293 | D:1      | Reached XP level 2. HP: 14/14 MP: 3/3
   405 | D:1      | Reached skill level 4 in Dodging
   445 | D:1      | Found a faded altar of an unknown god.
   736 | D:1      | Reached XP level 3. HP: 18/18 MP: 4/4
   860 | D:1      | 860 ||| READING scroll labelled QINUVO ODUGG.
   865 | D:1      | 865 ||| READING scroll labelled WAUXTU GAME.
   866 | D:1      | 866 ||| READING scroll labelled HOMETA XOFFIBLOATE.
   898 | D:1      | 898 ||| READING scroll labelled HIOJOU VAEPNU.
   898 | D:1      | 898 ||| IDENTIFYING bubbling orange potion
   899 | D:1      | 899 ||| DROPPING scroll of butterflies.
  1084 | D:2      | Found a shimmering blue altar of Sif Muna.
  1360 | D:2      | 1360 ||| UPGRADING to +6 ring of dexterity.
  1361 | D:2      | 1361 ||| READING scroll labelled CYGRIT YBRO.
  1362 | D:2      | 1362 ||| READING scroll labelled HOUSKO FOPIS.
  1362 | D:2      | 1362 ||| ENCHANTING +0 shortbow.
  1363 | D:2      | 1363 ||| READING scroll labelled WUUFUS OBBIEP.
  1364 | D:2      | 1364 ||| READING scroll labelled KUCOQU LOTO.
  1752 | D:3      | Identified the +2 robe of Omission {-Tele Harm rCorr}
  1847 | D:3      | Reached XP level 4. HP: 22/22 MP: 5/5
  1917 | D:3      | Found a runed translucent door.
  1918 | D:3      | Noticed Crazy Yiuf
  2150 | D:3      | 2150 ||| READING scroll of identify.
  2150 | D:3      | 2150 ||| IDENTIFYING black potion
  2151 | D:3      | 2151 ||| READING scroll labelled LYULAIXAKAV.
  2151 | D:3      | 2151 ||| ENCHANTING +0 shortbow.
  2207 | D:4      | Reached skill level 5 in Dodging
  2224 | D:4      | Reached XP level 5. HP: 7/25 MP: 6/6
  2224 | D:4      | HP: 6/25 [poisoned by an adder]
  2260 | D:4      | 2260 ||| FLEEEEING.
  2261 | D:4      | 2261 ||| FLEEEEING.
  2335 | D:4      | Reached skill level 6 in Dodging
  2514 | D:4      | Reached XP level 6. HP: 30/30 MP: 7/7
  2570 | D:4      | Reached skill level 6 in Ranged Weapons
  2573 | D:4      | Found a sparkling altar of Nemelex Xobeh.
  2640 | D:4      | HP: 7/30 [poisoned by a scorpion]
  2641 | D:4      | 2641 ||| READING 2 scrolls of teleportation.
  2642 | D:4      | 2642 ||| DRINKING potion of heal wounds.
  2745 | D:4      | Reached skill level 7 in Dodging
  2816 | D:4      | 2816 ||| READING scroll of identify.
  2816 | D:4      | 2816 ||| IDENTIFYING silvery potion
  2817 | D:4      | 2817 ||| READING scroll labelled SEMIRU ESIHAWN.
  2818 | D:4      | 2818 ||| DRINKING 3 puce potions.
  2819 | D:4      | 2819 ||| DROPPING potion of magic.
  2836 | D:5      | Entered Level 5 of the Dungeon
  2973 | D:5      | Reached XP level 7. HP: 35/35 MP: 8/8
  3032 | D:5      | Reached skill level 8 in Dodging
  3039 | D:5      | 3039 ||| FLEEEEING.
  3040 | D:5      | 3040 ||| FLEEEEING.
  3041 | D:5      | 3041 ||| FLEEEEING.
  3042 | D:5      | 3042 ||| FLEEEEING.
  3043 | D:5      | 3043 ||| FLEEEEING.
  3044 | D:5      | 3044 ||| FLEEEEING.
  3045 | D:5      | 3045 ||| FLEEEEING.
  3046 | D:5      | 3046 ||| FLEEEEING.
  3049 | D:5      | 3049 ||| FLEEEEING.
  3050 | D:5      | 3050 ||| STAIRDANCE
  3154 | D:5      | 3154 ||| STAIRDANCE
  3154 | D:5      | Slain by an iguana

Levels and vault maps discovered:
D:1:      dpeg_arrival_signposts, layout_basic,
          hellmonk_ecumenical_altar_blasted
D:2:      layout_basic, serial_forest, infiniplex_forest_lined_2,
          infiniplex_forest_end_2, infiniplex_forest_clump_double,
          infiniplex_forest_clump_C, infiniplex_forest_lined_room_2,
          infiniplex_forest_lined_corner, basic_altar, serial_bayou_pond_c
D:3:      layout_basic, chequers_mini_garden, kennysheep_generic_room_11,
          uniq_crazy_yiuf_cottage
D:4:      layout_rooms, marbit_many_paths, minmay_manual_moon
D:5:      layout_loops_ring, nicolae_tso_besieged_by_evil,
          minmay_temple_entry_antechambers

Skill      XL: |  1  2  3  4  5  6  7 |
---------------+----------------------+-----
Dodging        | 3 4 5 6 7 8 |  8.0
Ranged Weapons | 5 6 |  6.1
Fighting       | 2 |  2.0
Stealth        | |  1.5

Action                     |  1- 3 |  4- 6 |  7- 9 || total
---------------------------+-------+-------+-------++-------
   Fire: Shortbow          |   116 |   120 |    10 ||   246
    Use: Scroll            |     8 |     5 |       ||    13
         Potion            |       |     2 |       ||     2
 Armour: Robe              |     9 |    18 |     2 ||    29
  Dodge: Dodged            |    24 |    65 |     9 ||    98

Table legend:
 A = Non-vault XP
 B = Vault XP
 C = Vault XP percentage of total XP
 D = Non-vault monster count
 E = Vault monster count
 F = Vault count percentage of total count
                 A         B        C        D         E       F
            +---------+---------+-------+---------+---------+-------
      Total |     590 |     195 |  24.8 |      74 |       9 |  10.8
            +---------+---------+-------+---------+---------+-------
        D:1 |      42 |       0 |   0.0 |      23 |       0 |   0.0
        D:2 |      16 |       0 |   0.0 |       7 |       0 |   0.0
        D:3 |      37 |       2 |   5.1 |      15 |       1 |   6.2
        D:4 |     319 |     193 |  37.7 |      25 |       8 |  24.2
        D:5 |     176 |       0 |   0.0 |       4 |       0 |   0.0
            +---------+---------+-------+---------+---------+-------
